[Event "14. Deizisauer Herbstopen 2019"]
[Site "Deizisau"]
[Date "2019.10.25"]
[Round "1.3"]
[White "Frolik, Erhard"]
[Black "Fruechel, Marcel"]
[Result "1-0"]
[ECO "C03"]
[WhiteElo "2317"]
[BlackElo "1895"]
[Annotator "RC"]
[PlyCount "37"]
[EventDate "2019.10.25"]
[EventType "swiss"]
[EventCountry "GER"]
[SourceTitle "playchess.com"]
[Source "ChessBase"]
[SourceQuality "1"]
[TimeControl "5400+30"]

1. e4 e6 2. d4 d5 3. Nd2 dxe4 4. Nxe4 Nf6 5. Nxf6+ Qxf6 6. Nf3 h6 7. Bd3 Bd6 8. Qe2 Bd7 9. Ne5 Bxe5 10. dxe5 Qe7 11. Qg4 Qf8 12. Bd2 a5 13. O-O-O Nc6 14. Rhe1 Nb4 15. Be4 Ba4 16. a3 h5 17. Qh4 Qc5 18. axb4 axb4 19. Bxb4 1-0

[Event "14. Deizisauer Herbstopen 2019"]
[Site "Deizisau"]
[Date "2019.10.25"]
[Round "1.5"]
[White "Gustain, Marc"]
[Black "Kilinc, Can"]
[Result "1-0"]
[ECO "C24"]
[WhiteElo "2179"]
[BlackElo "1825"]
[Annotator "RC"]
[PlyCount "95"]
[EventDate "2019.10.25"]
[EventType "swiss"]
[EventCountry "GER"]
[SourceTitle "playchess.com"]
[Source "ChessBase"]
[SourceQuality "1"]
[TimeControl "5400+30"]

1. e4 e5 2. Bc4 Nf6 3. d4 exd4 4. Nf3 Bb4+ 5. c3 dxc3 6. bxc3 d5 7. exd5 Bd6 8. O-O O-O 9. Bg5 h6 10. Bh4 Nbd7 11. Bb3 g5 12. Bg3 Bxg3 13. fxg3 Nc5 14. c4 Bg4 15. Nc3 Bh5 16. Qd4 Nfd7 17. Bc2 Qf6 18. Qxf6 Nxf6 19. Nxg5 Nfd7 20. Nf3 Bg6 21. Bxg6 fxg6 22. Nb5 c6 23. dxc6 bxc6 24. Nbd4 Rf6 25. Rfe1 Kf7 26. Ne5+ Nxe5 27. Rxe5 Nd7 28. Ra5 c5 29. Nf3 Rc6 30. Rd1 Rc7 31. Rxd7+ Rxd7 32. Ne5+ Ke6 33. Nxd7 Kxd7 34. Rxc5 Rb8 35. Ra5 Rb2 36. Rxa7+ Ke6 37. Ra5 Rc2 38. c5 h5 39. h3 Kd7 40. a4 Kc7 41. Rb5 Ra2 42. a5 Kd7 43. Rb7+ Kc8 44. Rg7 Rxa5 45. Rxg6 Rxc5 46. g4 hxg4 47. Rxg4 Kd7 48. Re4 1-0

[Event "14. Deizisauer Herbstopen 2019"]
[Site "Deizisau"]
[Date "2019.10.25"]
[Round "1.7"]
[White "Gheng, Dominik"]
[Black "Kobald, Jacqueline"]
[Result "1/2-1/2"]
[ECO "B20"]
[WhiteElo "2068"]
[BlackElo "1884"]
[Annotator "NA RC"]
[PlyCount "79"]
[EventDate "2019.10.25"]
[EventType "swiss"]
[EventCountry "GER"]
[SourceTitle "playchess.com"]
[Source "ChessBase"]
[SourceQuality "1"]
[TimeControl "5400+30"]

1. e4 c5 2. c4 Nc6 3. Nc3 g6 4. g3 Bg7 5. Bg2 e6 6. Nge2 Nge7 7. O-O O-O 8. a3 d6 9. d3 a6 10. Rb1 Rb8 11. b4 Nd4 {[%emt 0:06:09] A36: Symmetrical English vs ...g6: 4 Bg2 Bg7} 12. Be3 Bd7 13. b5 $146 ({Predecessor:} 13. Qd2 b5 14. Rfc1 Re8 15. Bg5 bxc4 16. dxc4 {0-1 (31) Stankovic,I (2216)-Damljanovic,B (2552) Belgrade 2014}) 13... Nxe2+ 14. Nxe2 axb5 15. cxb5 Ra8 16. a4 Qa5 17. e5 Bxe5 18. Bxb7 Ra7 19. Ba6 Nd5 20. Bd2 Nc3 21. Kh1 Nxd1 22. Bxa5 Nb2 23. d4 Nc4 24. dxe5 Nxa5 25. exd6 Bc8 $2 (25... Nc6 $1 $11) 26. Bxc8 Rxc8 27. Nc3 Nc4 28. Rfd1 f5 29. b6 Rb7 30. Rb5 Rxb6 31. d7 Rd8 32. Rxc5 Nd6 33. Nb5 $16 (33. a5 $18 Ra6 34. Na4 Rxd7 35. Nb6) 33... Rxd7 34. Rc2 Kf7 35. Rcd2 Ke7 36. f4 Rd8 37. h4 Nb7 38. Kg2 Rxd2+ 39. Rxd2 Nc5 40. Rd4 1/2-1/2

[Event "14. Deizisauer Herbstopen 2019"]
[Site "Deizisau"]
[Date "2019.10.25"]
[Round "1.8"]
[White "Gheng, Christian"]
[Black "Gabriel, Josef"]
[Result "1-0"]
[ECO "B06"]
[WhiteElo "1868"]
[BlackElo "2089"]
[Annotator "NA RC"]
[PlyCount "29"]
[EventDate "2019.10.25"]
[EventType "swiss"]
[EventCountry "GER"]
[SourceTitle "playchess.com"]
[Source "ChessBase"]
[SourceQuality "1"]
[TimeControl "5400+30"]

1. e4 g6 2. d4 Bg7 3. Bc4 c5 4. c3 Nc6 5. Nf3 cxd4 6. cxd4 Qb6 7. Nc3 Nxd4 8. Nd5 Qc5 9. Be3 Qa5+ ({Stronger than} 9... Nxf3+ 10. gxf3 Qa5+ 11. Bd2 $14) (9... e6 $142) 10. b4 Nxf3+ 11. Qxf3 ({And not} 11. gxf3 Qd8 $11) 11... Qa3 12. O-O $18 Bxa1 13. Nc7+ Kd8 14. Nxa8 Be5 15. Bb6+ 1-0

[Event "14. Deizisauer Herbstopen 2019"]
[Site "Deizisau"]
[Date "2019.10.25"]
[Round "1.9"]
[White "Reimche, Vadim"]
[Black "Leser, Stefan"]
[Result "1-0"]
[ECO "D59"]
[WhiteElo "2080"]
[BlackElo "1846"]
[Annotator "NA RC"]
[PlyCount "57"]
[EventDate "2019.10.25"]
[EventType "swiss"]
[EventCountry "GER"]
[SourceTitle "playchess.com"]
[Source "ChessBase"]
[SourceQuality "1"]
[TimeControl "5400+30"]

1. d4 Nf6 2. c4 e6 3. Nc3 d5 4. Bg5 Be7 5. e3 h6 6. Bh4 O-O 7. Nf3 b6 8. cxd5 Nxd5 9. Nxd5 exd5 10. Bxe7 Qxe7 11. Rc1 Be6 {[%emt 0:02:12] D59: Queen's Gambit Declined: Tartakower Defence: Main line (8 cxd5 Nxd5)} 12. Qc2 (12. b3 c5 13. Bb5 a6 14. Bd3 Nd7 15. O-O a5 16. h3 Rfc8 17. a4 Nf6 18. Qe2 Bd7 19. Ne5 cxd4 20. exd4 {½-½ (39) Eljanov,P (2765)-Topalov,V (2754) Stavanger 2016}) 12... Qb4+ $146 ({Predecessor:} 12... Rc8 13. Bd3 c5 14. Qd2 Nd7 15. O-O Bg4 16. Ne1 a5 17. f3 Be6 18. Bb5 Nf6 19. Nc2 {1-0 (47) Lajthajm,B (2484)-Benkovic,P (2456) Trebinje 2009}) 13. Qc3 Qxc3+ 14. Rxc3 Rc8 15. b4 a5 16. b5 $1 c6 (16... c5 $11) 17. Ne5 cxb5 (17... c5 $11 {keeps the balance.}) 18. Rxc8+ Bxc8 19. Bxb5 Ba6 20. Bxa6 Nxa6 {[%emt 0:00:54] [#]} 21. Kd2 $1 Rc8 (21... b5 $16) 22. Rb1 f6 23. Nd7 Kf7 24. Nxb6 Rb8 25. Rb2 Rb7 (25... f5 $142 26. Kc3 Ke6) 26. Na4 Rc7 (26... Rxb2+ $142 27. Nxb2 Nb8) 27. a3 Rc6 28. Rb5 Ke6 29. Rxa5 $18 1-0

[Event "14. Deizisauer Herbstopen 2019"]
[Site "Deizisau"]
[Date "2019.10.26"]
[Round "2.1"]
[White "Lehmann, Stefan"]
[Black "Dgebuadze, Alexandre"]
[Result "0-1"]
[ECO "B24"]
[WhiteElo "1999"]
[BlackElo "2472"]
[Annotator "ChessBase"]
[PlyCount "66"]
[EventDate "2019.10.25"]
[EventType "swiss"]
[EventCountry "GER"]
[SourceTitle "playchess.com"]
[Source "ChessBase"]
[SourceQuality "1"]
[TimeControl "5400+30"]

1. e4 c5 2. Nc3 Nc6 3. Nf3 g6 4. Bb5 Bg7 5. O-O d6 6. Re1 e5 7. d3 Nge7 8. Nd5 O-O 9. Bg5 f6 10. Nxe7+ Nxe7 11. Be3 Kh8 12. Bc4 b6 13. c3 Bb7 14. Qd2 d5 15. exd5 Nxd5 16. Rad1 Qc7 17. Qe2 Rad8 18. a4 Bc6 19. Bb5 Ba8 20. h4 h6 21. Bc1 Ne7 22. d4 e4 23. Nd2 f5 24. dxc5 bxc5 25. f3 Nd5 26. fxe4 Nf4 27. Qe3 fxe4 28. Nxe4 Rxd1 29. Rxd1 Qe7 30. Nxc5 Qxh4 31. Bf1 Nxg2 32. Qe2 Ne3 33. Qh2 Qg4+ 0-1

[Event "14. Deizisauer Herbstopen 2019"]
[Site "Deizisau"]
[Date "2019.10.26"]
[Round "2.2"]
[White "Krassowizkij, Jaroslaw"]
[Black "Chassard, Cedric"]
[Result "1-0"]
[ECO "A14"]
[WhiteElo "2436"]
[BlackElo "1929"]
[Annotator "ChessBase"]
[PlyCount "97"]
[EventDate "2019.10.25"]
[EventType "swiss"]
[EventCountry "GER"]
[SourceTitle "playchess.com"]
[Source "ChessBase"]
[SourceQuality "1"]
[TimeControl "5400+30"]

1. c4 Nf6 2. g3 e6 3. Bg2 d5 4. Nf3 Be7 5. O-O O-O 6. d4 c5 7. cxd5 Nxd5 8. e4 Nf6 9. Nc3 cxd4 10. Nxd4 e5 11. Nb3 Qxd1 12. Rxd1 Rd8 13. Be3 Bg4 14. Rdc1 Nc6 15. Nd5 Kf8 16. h3 Be6 17. Nc5 Bxc5 18. Bxc5+ Kg8 19. Nc7 Rac8 20. Nxe6 fxe6 21. Be3 Nd4 22. Rxc8 Rxc8 23. Rd1 Rc2 24. Bxd4 exd4 25. Rxd4 Rxb2 26. e5 Ne8 27. a4 Kf8 28. Rd7 Rb4 29. Rxb7 Rxa4 30. Bc6 Rc4 31. Bxe8 Kxe8 32. Rxg7 a5 33. Rxh7 Re4 34. f4 Re2 35. Ra7 Ra2 36. h4 Kf8 37. h5 Kg8 38. Re7 a4 39. Rxe6 a3 40. Ra6 Kg7 41. g4 Ra1+ 42. Kg2 Ra2+ 43. Kg3 Ra1 44. Kh4 a2 45. Kg5 Kf7 46. f5 Kg7 47. Ra7+ Kf8 48. Kf6 Ke8 49. e6 1-0

[Event "14. Deizisauer Herbstopen 2019"]
[Site "Deizisau"]
[Date "2019.10.26"]
[Round "2.3"]
[White "Scharrer, Udo"]
[Black "Frolik, Erhard"]
[Result "0-1"]
[ECO "D12"]
[WhiteElo "2012"]
[BlackElo "2317"]
[Annotator "ChessBase"]
[PlyCount "68"]
[EventDate "2019.10.25"]
[EventType "swiss"]
[EventCountry "GER"]
[SourceTitle "playchess.com"]
[Source "ChessBase"]
[SourceQuality "1"]
[TimeControl "5400+30"]

1. d4 Nf6 2. c4 c6 3. Nf3 d5 4. e3 Bf5 5. Nc3 a6 6. Qb3 b5 7. cxd5 cxd5 8. a4 b4 9. Qxb4 Nc6 10. Qb3 Rb8 11. Qd1 Nb4 12. e4 Nxe4 13. Bf4 Nxc3 14. bxc3 Nc2+ 15. Kd2 e5 16. Bxe5 Bd6 17. Rb1 Rxb1 18. Qxb1 Nxd4 19. Bd3 Nxf3+ 20. gxf3 Bxd3 21. Qxd3 Bxe5 22. Re1 O-O 23. Rxe5 Qh4 24. Ke3 Qxa4 25. Qxd5 h6 26. Re4 Qa1 27. c4 Qe1+ 28. Kd3 Qxf2 29. Re2 Qh4 30. Kc3 Rd8 31. Qe5 Rc8 32. Qd4 Qh5 33. Qg4 Qa5+ 34. Kd3 Rd8+ {[%emt 0:01:31] Kd4} 0-1

[Event "14. Deizisauer Herbstopen 2019"]
[Site "Deizisau"]
[Date "2019.10.26"]
[Round "2.4"]
[White "Heck, Nils"]
[Black "Gustain, Marc"]
[Result "0-1"]
[ECO "D20"]
[WhiteElo "1999"]
[BlackElo "2179"]
[Annotator "ChessBase"]
[PlyCount "94"]
[EventDate "2019.10.25"]
[EventType "swiss"]
[EventCountry "GER"]
[SourceTitle "playchess.com"]
[Source "ChessBase"]
[SourceQuality "1"]
[TimeControl "5400+30"]

1. d4 d5 2. c4 dxc4 3. e4 Nc6 4. d5 Ne5 5. Bf4 Ng6 6. Be3 e6 7. Bxc4 Nf6 8. Nc3 exd5 9. Bxd5 Bd6 10. Nf3 O-O 11. Qd4 Nxd5 12. exd5 Re8 13. O-O Ne5 14. Nxe5 Bxe5 15. Qc4 a6 16. a4 Bf5 17. Rfe1 Qd6 18. g3 Qf6 19. Bf4 Bd6 20. Bxd6 Qxd6 21. Rad1 Rad8 22. b4 h6 23. a5 Qd7 24. Qc5 Bg4 25. Rc1 Bf3 26. Re3 Rxe3 27. fxe3 Re8 28. e4 Bxe4 29. Re1 f5 30. Qc4 Qd6 31. Nxe4 fxe4 32. Rxe4 Rd8 33. Rd4 Kh8 34. b5 axb5 35. Qxb5 Qe5 36. Qd3 Qe1+ 37. Kg2 Qxa5 38. d6 Qa2+ 39. Kf3 Qf7+ 40. Kg2 Rxd6 41. Rxd6 cxd6 42. Qxd6 Qa2+ 43. Kf3 Qb1 44. Ke3 b5 45. h3 b4 46. g4 b3 47. h4 b2 0-1

[Event "14. Deizisauer Herbstopen 2019"]
[Site "Deizisau"]
[Date "2019.10.26"]
[Round "2.7"]
[White "Doeserich, Juergen"]
[Black "Reimche, Vadim"]
[Result "1-0"]
[ECO "A61"]
[WhiteElo "1975"]
[BlackElo "2080"]
[Annotator "NA"]
[PlyCount "77"]
[EventDate "2019.10.25"]
[EventType "swiss"]
[EventCountry "GER"]
[SourceTitle "playchess.com"]
[Source "ChessBase"]
[SourceQuality "1"]
[TimeControl "5400+30"]

1. d4 Nf6 2. c4 c5 3. d5 e6 4. Nc3 exd5 5. cxd5 d6 6. Nf3 g6 7. Bf4 a6 8. a4 Bg7 9. h3 {[%emt 0:02:42] A61: Modern Benoni: Nf3 without early e4} O-O 10. Nd2 (10. Bh2 $14) (10. e3 Ne8 11. Be2 Nd7 12. a5 Qe7 13. O-O Ne5 14. Bxe5 Bxe5 15. Nxe5 Qxe5 16. Qd2 Bd7 17. f4 Qg7 18. Bc4 {½-½ (35) Lysyj,I (2596)-Indjic,A (2628) Mali Losinj 2019}) 10... Re8 (10... Nh5 $15 11. Bh2 f5) 11. e3 Nh5 (11... Nfd7 $14) 12. Bh2 f5 13. Be2 Nf6 14. Nc4 Bf8 15. a5 $146 ({Predecessor:} 15. O-O Qc7 16. a5 Nbd7 17. Na4 Ne5 18. Nab6 {1-0 (46) Simantsev,M (2451)-Vorobjov,D (2164) Moscow 2014}) 15... Qc7 16. Nb6 Ra7 17. O-O Ne4 18. Qc2 Nd7 19. Nca4 Ne5 {[%emt 0:07:10] [#]} 20. b4 $1 Bd7 21. Rfc1 Bxa4 22. Qxa4 Re7 $2 (22... Qd8 23. f3 Nf6) 23. f3 Nf6 24. bxc5 dxc5 25. d6 Qxd6 26. Nc8 Qb8 27. Nxe7+ Bxe7 28. Rab1 Bd6 29. Bxe5 Bxe5 30. Qc4+ Kg7 31. Qxc5 f4 32. Rb6 Kh6 33. Qe7 (33. Re6 $142) 33... Nh5 34. Rc5 Ng3 35. Rxe5 Nxe2+ 36. Kf2 Ng3 37. Qh4+ Kg7 38. Re7+ Kf8 39. Qf6+ 1-0

[Event "14. Deizisauer Herbstopen 2019"]
[Site "Deizisau"]
[Date "2019.10.26"]
[Round "2.8"]
[White "Kraft, Julian"]
[Black "Coellen, Eike"]
[Result "1-0"]
[ECO "B47"]
[WhiteElo "2062"]
[BlackElo "1954"]
[Annotator "NA"]
[PlyCount "99"]
[EventDate "2019.10.25"]
[EventType "swiss"]
[EventCountry "GER"]
[SourceTitle "playchess.com"]
[Source "ChessBase"]
[SourceQuality "1"]
[TimeControl "5400+30"]

1. e4 c5 2. Nc3 Nc6 3. Nf3 e6 4. d4 cxd4 5. Nxd4 Qc7 6. g3 a6 7. Bg2 Nf6 8. O-O Be7 9. Kh1 O-O 10. f4 d6 11. Be3 Bd7 12. Nb3 {[%emt 0:12:57] B80: Sicilian Scheveningen: 6 g3 and 6 Be3, including English Attack} Rac8 (12... b5 13. g4 b4 14. Na4 d5 15. Nb6 Rad8 16. exd5 Nxd5 17. Nxd5 exd5 18. Qf3 Na5 19. Nxa5 Qxa5 {½-½ (31) Guseinov,G (2609)-Mchedlishvili,M (2656) Tbilisi 2012}) 13. g4 Na5 14. g5 $146 ({Predecessor:} 14. Nxa5 Qxa5 15. g5 Ne8 16. Qe1 g6 17. Nd5 Qd8 18. Bb6 Nc7 19. Nxc7 Rxc7 20. Qa5 {1-0 (20) Quinonero Simon,J (2105)-Robles Sanchez,A Barcelona 2000}) 14... Ne8 15. Qh5 f5 $2 (15... g6 $11 {and Black has nothing to worry.} 16. Qh6 Nxb3 17. cxb3 (17. axb3 f5 $11) 17... f5) 16. exf5 (16. gxf6 $1 $18 Bd8 17. e5 Nxb3 18. axb3) 16... Rxf5 {[%emt 0:01:49] [#]} 17. Nd4 $1 Rf8 $2 {[%emt 0:05:04] [#]} (17... g6 $16 18. Qh3 (18. Nxf5 gxh5 19. Nxe7+ Kf8 $16) 18... Ng7) 18. f5 $1 exf5 19. Bd5+ Kh8 20. Rf3 ({Less strong is} 20. g6 Nf6 $14) 20... g6 21. Qh6 Ng7 {[%emt 0:01:22] [#]} 22. Ndb5 $2 (22. Rh3 $1 {[%mdl 512] mates} Nh5 23. Rxh5 gxh5 24. g6 Rf7 25. Bxf7 Qc6+ 26. Nxc6 Bxc6+ {[#]} 27. Kg1 $1 h4 28. Qxh7#) 22... Bxg5 23. Qxg5 axb5 {[%emt 0:01:58] [#]} 24. Rh3 $2 (24. Qh6 $1 $18 f4 {[#]} 25. Bd4 $1 (25. Rxf4 Rxf4 26. Qxf4 Nc4 $11) (25. Bxf4 Nf5 $17)) 24... f4 $1 25. Rh6 Nf5 $2 {[%emt 0:05:54] [#]} (25... Bf5 $14 26. Qxf4 Ne6) 26. Qxg6 $4 ({Don't go for} 26. Qxf4 $2 Nc4 $19) (26. Qe7 $1 {[%mdl 512] mates} Be6 (26... Nxe7 27. Bd4+) 27. Rxh7+ Kg8 28. Bxe6+ Rf7 29. Rxf7 Qxe7 30. Rxe7+ Kh8 31. Bxf5 fxe3 32. Bxc8) 26... Bc6 27. Bb6 Qe7 28. Rg1 Nc4 29. Bxc6 bxc6 30. Bf2 Nxh6 31. Bd4+ Ne5 32. Qxh6 c5 33. Bf2 Rg8 34. Re1 Qg5 35. Qh3 (35. Qxg5 $142 Rxg5 36. Bh4) 35... Ng4 36. Bh4 Qf5 37. Ne4 Rcf8 38. Qc3+ Qe5 39. Qf3 Ne3 40. a4 Ng2 41. axb5 Nxe1 42. Bxe1 Re8 43. Bc3 h6 44. Qxf4 Kh7 45. Bxe5 dxe5 46. Qf5+ Kg7 47. Nf6 Ref8 48. Nh5+ Kh8 49. Qxe5+ Kh7 50. Nf6+ 1-0

[Event "14. Deizisauer Herbstopen 2019"]
[Site "Deizisau"]
[Date "2019.10.26"]
[Round "2.9"]
[White "Doering, Stefan"]
[Black "Coellen, Florian"]
[Result "1/2-1/2"]
[ECO "B90"]
[WhiteElo "2025"]
[BlackElo "1873"]
[Annotator "NA"]
[PlyCount "87"]
[EventDate "2019.10.25"]
[EventType "swiss"]
[EventCountry "GER"]
[SourceTitle "playchess.com"]
[Source "ChessBase"]
[SourceQuality "1"]
[TimeControl "5400+30"]

1. e4 c5 2. Nf3 d6 3. d4 cxd4 4. Nxd4 Nf6 5. Nc3 a6 6. f3 e5 7. Nb3 Be7 8. Be3 Be6 9. Qd2 O-O 10. O-O-O a5 11. a4 Nc6 {[%emt 0:01:40] B90: Sicilian Najdorf: Unusual White 6th moves, 6 Be3 Ng4 and 6 Be3 e5} 12. Kb1 Nb4 13. g4 Nd7 {[%emt 0:04:02] [#]} 14. Nd5 $146 (14. g5 $16) ({Predecessor:} 14. h4 Nb6 15. Qf2 Nc4 16. Bxc4 Bxc4 17. f4 Qc8 18. fxe5 dxe5 19. Nc5 Rd8 20. Rxd8+ Bxd8 {1-0 (37) Bologan,V (2658)-Smeets,J (2538) Wijk aan Zee 2007}) 14... Bxd5 $1 15. exd5 Nf6 16. Bf2 Qc7 (16... Nfxd5 $11 {keeps the balance.} 17. h4 Nc7) 17. c3 Na6 18. Bb5 Nd7 ({Black should try} 18... Qc8) 19. f4 Qd8 20. f5 (20. Bg3 $16) 20... Bg5 (20... Nc7 $11 {remains equal.}) 21. Qe2 Bf4 22. h4 g6 (22... f6 $16) 23. Be3 (23. fxg6 $18 {is more deadly.} fxg6 24. h5) 23... Nc7 24. Bxf4 exf4 25. Qc4 Nxb5 26. Qxb5 Ne5 27. fxg6 hxg6 28. h5 g5 29. Nd4 Ra6 30. Qe2 Qd7 31. Qc2 Rb6 32. Qf5 Qxf5+ 33. gxf5 $2 (33. Nxf5 $11 {and White is okay.} Nc4 34. Rh2) 33... Kh7 34. Rdg1 Rg8 35. f6 Nd7 36. Re1 Nxf6 37. Re7 Nxd5 38. Rxf7+ Rg7 39. Rxg7+ Kxg7 40. h6+ {[%emt 0:00:09] [#]} Kh7 $11 (40... Kh8 $1 $19 41. Kc1 g4) 41. Ne6 Nxc3+ 42. Ka1 Ne4 43. Nf8+ Kh8 44. Ng6+ 1/2-1/2

[Event "14. Deizisauer Herbstopen 2019"]
[Site "Deizisau"]
[Date "2019.10.26"]
[Round "3.1"]
[White "Dgebuadze, Alexandre"]
[Black "Kraft, Julian"]
[Result "1-0"]
[ECO "A34"]
[WhiteElo "2472"]
[BlackElo "2062"]
[Annotator "ChessBase"]
[PlyCount "83"]
[EventDate "2019.10.25"]
[EventType "swiss"]
[EventCountry "GER"]
[SourceTitle "playchess.com"]
[Source "ChessBase"]
[SourceQuality "1"]
[TimeControl "5400+30"]

1. c4 c5 2. Nc3 g6 3. g3 Bg7 4. Nh3 e5 5. d3 Ne7 6. Bg2 d6 7. f4 Nbc6 8. Nf2 h5 9. fxe5 Nxe5 10. Nfe4 Nf5 11. Nd5 Be6 12. Bg5 Qa5+ 13. Bd2 Qd8 14. Bg5 Qa5+ 15. Qd2 Qxd2+ 16. Kxd2 Bxd5 17. cxd5 Rf8 18. Bh3 Ng4 19. Bxg4 hxg4 20. Nf6+ Bxf6 21. Bxf6 Kd7 22. Raf1 Rae8 23. e4 Nd4 24. Rf4 Nf3+ 25. Ke3 Ne5 26. Rhf1 g5 27. Rf5 Nf3 28. Rf2 Rg8 29. h3 Nd4 30. Bxd4 cxd4+ 31. Kxd4 gxh3 32. Rxf7+ Re7 33. g4 Rh8 34. Rxe7+ Kxe7 35. Rh2 Kf6 36. Ke3 Rh4 37. Kf3 Ke5 38. Kg3 Kd4 39. Rxh3 Kxd3 40. e5 dxe5 41. d6 e4 42. d7 1-0

[Event "14. Deizisauer Herbstopen 2019"]
[Site "Deizisau"]
[Date "2019.10.26"]
[Round "3.2"]
[White "Neiss, Josef Martin"]
[Black "Krassowizkij, Jaroslaw"]
[Result "0-1"]
[ECO "A09"]
[WhiteElo "2039"]
[BlackElo "2436"]
[Annotator "NA"]
[PlyCount "44"]
[EventDate "2019.10.25"]
[EventType "swiss"]
[EventCountry "GER"]
[SourceTitle "playchess.com"]
[Source "ChessBase"]
[SourceQuality "1"]
[TimeControl "5400+30"]

1. Nf3 d5 2. c4 d4 3. b4 f6 4. e3 e5 5. c5 a5 6. Bb5+ c6 7. Bc4 axb4 8. Nxe5 fxe5 9. Qh5+ g6 10. Qxe5+ Qe7 11. Qxh8 Nf6 12. Bb2 Be6 13. Bxd4 Nbd7 14. Bxe6 Qxe6 15. a3 b3 16. Nc3 O-O-O 17. Ne4 Nxe4 18. Qxh7 Bxc5 19. O-O Bxd4 20. exd4 Nxd2 21. Rfe1 b2 22. Rad1 Qf5 0-1

[Event "14. Deizisauer Herbstopen 2019"]
[Site "Deizisau"]
[Date "2019.10.26"]
[Round "3.3"]
[White "Frolik, Erhard"]
[Black "Doeserich, Juergen"]
[Result "1-0"]
[ECO "B22"]
[WhiteElo "2317"]
[BlackElo "1975"]
[Annotator "NA"]
[PlyCount "67"]
[EventDate "2019.10.25"]
[EventType "swiss"]
[EventCountry "GER"]
[SourceTitle "playchess.com"]
[Source "ChessBase"]
[SourceQuality "1"]
[TimeControl "5400+30"]

1. e4 c5 2. c3 d5 3. exd5 Qxd5 4. d4 Nf6 5. Nf3 e6 6. Na3 Nc6 7. Nc2 Be7 8. Be2 O-O 9. O-O Rd8 10. Be3 cxd4 11. Ncxd4 Bd7 12. Qc2 Be8 13. Rfd1 Qa5 14. Qb3 Nxd4 15. Rxd4 Rxd4 16. Bxd4 Qc7 17. Be5 Qc6 18. Bd4 Qc7 19. h3 b5 20. Bxb5 Rb8 21. Qc4 Qxc4 22. Bxc4 Rxb2 23. Bxa7 Ne4 24. Bd4 Bf6 25. Ne5 Bxe5 26. Bxe5 Nxf2 27. a4 Bc6 28. a5 Ne4 29. a6 Nd2 30. a7 Ba8 31. Rd1 Kf8 32. Bd3 Nb3 33. Bf1 Nd2 34. Bf4 1-0

[Event "14. Deizisauer Herbstopen 2019"]
[Site "Deizisau"]
[Date "2019.10.26"]
[Round "3.4"]
[White "Gustain, Marc"]
[Black "Meier, Marlon"]
[Result "1-0"]
[ECO "B06"]
[WhiteElo "2179"]
[BlackElo "1929"]
[Annotator "NA"]
[PlyCount "69"]
[EventDate "2019.10.25"]
[EventType "swiss"]
[EventCountry "GER"]
[SourceTitle "playchess.com"]
[Source "ChessBase"]
[SourceQuality "1"]
[TimeControl "5400+30"]

1. e4 g6 2. d4 Bg7 3. Nf3 d6 4. Bc4 e6 5. O-O Ne7 6. Bb3 Nd7 7. Re1 b6 8. Nbd2 h6 9. Nf1 Bb7 10. Ng3 O-O 11. h4 c5 12. c3 cxd4 13. cxd4 e5 14. h5 g5 15. Be3 Rc8 16. Qd2 Kh8 17. Rad1 f5 18. Nxg5 hxg5 19. Bxg5 f4 20. Nf5 Nf6 21. h6 Nxf5 22. exf5 Bxh6 23. Bxh6 Ne4 24. Rxe4 Bxe4 25. Qe2 Qh4 26. Bxf8 f3 27. gxf3 Bxf5 28. Bxd6 e4 29. Bg3 Qh5 30. Qe3 Rc6 31. Qf4 Rg6 32. Rc1 exf3 33. Qb8+ Kh7 34. Rc7+ Kh6 35. Qh8+ 1-0

[Event "14. Deizisauer Herbstopen 2019"]
[Site "Deizisau"]
[Date "2019.10.26"]
[Round "3.5"]
[White "Gheng, Christian"]
[Black "Hoffmann, Achim Gunter"]
[Result "0-1"]
[ECO "B92"]
[WhiteElo "1868"]
[BlackElo "2125"]
[Annotator "NA"]
[PlyCount "68"]
[EventDate "2019.10.25"]
[EventType "swiss"]
[EventCountry "GER"]
[SourceTitle "playchess.com"]
[Source "ChessBase"]
[SourceQuality "1"]
[TimeControl "5400+30"]

1. e4 c5 2. Nf3 d6 3. d4 cxd4 4. Nxd4 Nf6 5. Nc3 a6 6. Be2 e5 7. Nb3 Be7 8. O-O b5 9. Be3 Nbd7 10. f3 Bb7 11. a3 Qc7 12. Qe1 d5 13. exd5 Nxd5 14. Nxd5 Bxd5 15. Rc1 O-O 16. Qf2 Rac8 17. c4 bxc4 18. Nd2 Qb7 19. Nxc4 a5 20. Rfd1 Be6 21. Kh1 a4 22. Qg3 Qa6 23. Bh6 Bf6 24. Rd6 Qb5 25. Rcd1 Rxc4 26. Bxc4 Qxc4 27. Rc1 Qb5 28. h4 Qxb2 29. Rcd1 Qxa3 30. h5 Kh8 31. Rxd7 Bxd7 32. Rxd7 gxh6 33. Qg4 Qc1+ 34. Kh2 Qf4+ 0-1

[Event "14. Deizisauer Herbstopen 2019"]
[Site "Deizisau"]
[Date "2019.10.26"]
[Round "3.6"]
[White "Marquardt, Alexander"]
[Black "Bueble, Joschua"]
[Result "1/2-1/2"]
[ECO "A14"]
[WhiteElo "2125"]
[BlackElo "1720"]
[Annotator "NA"]
[PlyCount "129"]
[EventDate "2019.10.25"]
[EventType "swiss"]
[EventCountry "GER"]
[SourceTitle "playchess.com"]
[Source "ChessBase"]
[SourceQuality "1"]
[TimeControl "5400+30"]

1. c4 Nf6 2. g3 e6 3. Bg2 d5 4. Nf3 Be7 5. O-O O-O 6. b3 c5 7. Bb2 d4 8. e3 Nc6 9. exd4 cxd4 10. Re1 Re8 11. a3 a5 12. d3 Bf8 13. Ne5 Nxe5 14. Rxe5 Bd6 15. Rb5 Rb8 16. Bxd4 b6 17. Bxf6 Qxf6 18. Nd2 g6 19. Ne4 Qe7 20. b4 axb4 21. Nxd6 Qxd6 22. Rxb4 Rd8 23. Rb3 e5 24. Qe2 Qd4 25. Rab1 Bf5 26. Be4 Bxe4 27. Qxe4 Qxe4 28. dxe4 Rd4 29. c5 Rxe4 30. cxb6 Ra4 31. b7 Ra7 32. a4 Kg7 33. Rb4 Kf6 34. Kf1 Ke6 35. Ke2 Kd6 36. Ke3 f5 37. Kd3 Kd5 38. Rb5+ Kc6 39. Rxe5 Rbxb7 40. Rxb7 Rxb7 41. Re2 Rb3+ 42. Kc4 Ra3 43. Kb4 Ra1 44. Re6+ Kd5 45. Re7 Ra2 46. Rxh7 Rxf2 47. a5 Rb2+ 48. Ka3 Rb1 49. Rg7 Kc4 50. Rc7+ Kd5 51. Ka4 g5 52. a6 f4 53. gxf4 gxf4 54. Rc3 Ra1+ 55. Kb5 Ke4 56. Rc2 f3 57. Kb6 Rb1+ 58. Kc7 Ra1 59. Kb7 Rb1+ 60. Kc7 Ra1 61. Kb6 Rb1+ 62. Kc5 Ra1 63. Kb5 Rb1+ 64. Kc5 Ra1 65. Kb6 1/2-1/2